Map: Prion Terraces

Players

apina - Winner!

  • Race: Zerg Zerg
  • League: Platinum

Novawulfen

  • Race: Terran Terran
  • League: Gold

VOD

Have the link to the VOD?

Description

Time

  • Played on: Nov. 15, 2015, 5:47 a.m.
  • Length: 12:36
Show
View Real Time Build Order
Export as new Build Order

apina Zerg - Winner!

Build Orders: Hatch First 

Get SALT Encoding   

  12  0:01  Drone  
  13  0:14  Overlord  
  13  0:19  Drone  
  14  0:32  Drone x2  
  16  0:36  Drone  
  17  0:56  Hatchery  
  16  0:59  Drone  
  16  1:13  Spawning Pool  
  16  1:16  Drone  
  16  1:22  Drone  
  16  1:24  Drone  
  18  1:33  Drone, Extractor  
  18  1:41  Drone  
  19  1:51  Drone  
  20  1:59  Queen  
  22  2:03  Overlord  
  22  2:09  Drone  
  22  2:10  Queen  
  25  2:17  Zergling x2  
  25  2:22  Drone  
  27  2:26  Drone  
  28  2:42  Drone x3  
  31  2:50  Metabolic Boost  
  31  2:52  Queen  
  33  3:03  Overlord  
  33  3:09  Drone x3  
  36  3:15  Overlord  
  35  3:42  Zergling x4  
  35  3:43  Zergling x10  
  35  3:47  Lair  
  42  4:01  Drone x3  
  45  4:07  Hatchery  
  44  4:15  Drone  
  44  4:16  Drone x6  
  51  4:19  Extractor  
  51  4:23  Extractor  
  49  4:42  Roach Warren  
  48  4:46  Drone x4, Extractor  
  48  4:47  Overlord x2  
  48  4:50  Overlord  
  50  5:05  Baneling Nest  
  49  5:09  Drone x6  
  55  5:18  Drone  
  55  5:19  Drone x2  
  58  5:22  Queen  
  60  5:28  Overlord  
  60  5:29  Overlord  
  60  5:39  Evolution Chamber, Spire  
  60  5:40  Evolution Chamber  
  57  5:52  Roach x4  
  57  5:55  Roach x3  
  57  5:56  Roach x6  
  77  6:02  Overlord  
  77  6:07  Overlord  
  79  6:25  Roach  
  79  6:26  Roach x7  
  79  6:27  Roach x2  
  77  7:02  Glial Reconstitution  
  77  7:08  Mutalisk x4  
  77  7:09  Mutalisk x3  
  77  7:10  Queen  
  77  7:13  Drone x5  
  77  7:14  Overlord  
  84  7:37  Drone x3  
  84  7:38  Drone x7  
  84  7:39  Hatchery, Drone x2  
  84  7:42  Overlord  
  84  7:43  Overlord  
  95  7:48  Zerg Ground Armor Level 1  
  95  7:50  Mutalisk  
  97  7:53  Mutalisk  
  99  8:04  Zerg Melee Weapons Level 1  
  99  8:16  Mutalisk x2  
  104  8:20  Drone x7  
  104  8:21  Drone x6  
  113  8:39  Zergling x14  
  118  9:05  Zergling x6  
  118  9:06  Zergling x12  
  127  9:10  Extractor  
  127  9:11  Extractor  
  127  9:13  Queen  
  127  9:15  Hatchery  
  126  9:30  Spine Crawler  
  126  9:31  Spore Crawler  
  124  9:32  Spine Crawler  
  124  9:33  Spore Crawler, Spine Crawler  
  124  9:37  Spore Crawler, Spine Crawler x2  
  94  9:49  Zergling x22  
  94  9:50  Zergling x8  
  109  9:54  Baneling x4  
  109  9:55  Baneling x2  
  109  10:01  Spire  
  109  10:04  Pneumatized Carapace  
  108  10:07  Zerg Melee Weapons Level 2  
  108  10:08  Zerg Ground Armor Level 2  
  108  10:11  Infestation Pit, Zergling x12  
  108  10:12  Zergling x10  
  108  10:53  Zergling x2  
  108  10:54  Zergling x32  
  108  10:55  Overseer  
  125  10:59  Overseer  
  125  11:00  Overseer x2  
  125  11:02  Overlord x2  
  121  11:13  Mutalisk x4  
  121  11:15  Mutalisk x2  
  124  11:36  Zergling x22  
  124  11:37  Zergling x6  
  124  11:38  Overlord  
  138  11:43  Baneling  
  138  11:44  Baneling x11  
  138  11:45  Baneling  
  138  11:48  Zergling x2  
  138  11:49  Zergling x6  
  138  11:52  Extractor  
  138  11:53  Extractor  
  140  12:03  Hatchery  
Show
View Real Time Build Order
Export as new Build Order

Novawulfen Terran 

Build Orders:  

Get SALT Encoding   

  12  0:01  SCV  
  13  0:13  SCV  
  14  0:19  Supply Depot  
  14  0:25  SCV  
  15  0:41  SCV  
  15  0:42  Barracks  
  16  0:46  Refinery  
  16  0:53  SCV  
  17  1:08  SCV  
  18  1:20  SCV  
  19  1:29  Supply Depot, Reaper  
  19  1:32  Orbital Command  
  20  1:42  Refinery  
  20  1:58  SCV  
  21  2:09  Barracks Reactor  
  21  2:10  SCV  
  22  2:15  Command Center  
  22  2:20  Factory  
  22  2:22  SCV  
  23  2:34  SCV  
  24  2:46  SCV  
  25  2:58  SCV  
  26  2:59  Barracks Tech Lab  
  26  3:09  Hellion x2  
  31  3:12  SCV  
  31  3:13  Supply Depot x2  
  31  3:19  Barracks  
  31  3:20  Barracks  
  31  3:27  Stimpack, Marine  
  31  3:28  Starport  
  31  3:30  SCV  
  33  3:45  Hellion  
  33  3:46  Hellion, Marine  
  38  3:57  Barracks  
  38  4:02  Supply Depot, SCV  
  39  4:08  Orbital Command  
  38  4:14  Hellion  
  40  4:17  Marine  
  40  4:24  Hellion  
  43  4:34  Marine  
  43  4:37  Medivac  
  46  4:45  Marine x2  
  46  4:47  Hellion  
  46  4:50  Hellion  
  46  4:52  Marine  
  53  4:54  SCV  
  54  5:13  SCV, Marine  
  54  5:14  Widow Mine, Marine x2  
  56  5:15  Hellion  
  56  5:16  Medivac  
  64  5:25  Armory  
  64  5:29  SCV x2  
  66  5:40  Marine x3  
  66  5:41  SCV  
  70  5:50  Bunker  
  70  5:58  Supply Depot  
  70  6:01  Supply Depot  
  70  6:02  Supply Depot  
  70  6:20  SCV x2, Marine x3  
  75  6:32  SCV x2  
  67  6:49  Marine x3  
  56  7:05  Supply Depot  
  56  7:07  Barracks Tech Lab  
  56  7:08  Medivac, Marauder  
  58  7:15  Barracks Reactor, Engineering Bay  
  60  7:16  Widow Mine x2  
  60  7:17  Engineering Bay  
  60  7:18  Command Center  
  60  7:19  SCV x2  
  66  7:38  Medivac  
  68  7:44  SCV x2  
  68  7:47  Widow Mine, Marauder x2  
  68  7:48  Widow Mine  
  78  7:56  SCV, Refinery x2  
  78  7:57  SCV  
  80  8:00  Terran Infantry Weapons Level 1  
  80  8:01  Terran Infantry Armor Level 1  
  80  8:08  Barracks  
  80  8:09  Marauder x2, Barracks, Marine x2  
  80  8:10  Barracks  
  86  8:15  Supply Depot  
  86  8:17  Supply Depot  
  86  8:30  SCV x2, Marine  
  86  8:31  Marauder x2, Widow Mine, Marine  
  86  8:32  Widow Mine  
  93  8:48  Marine  
  93  8:55  Marine x3  
  89  8:58  Starport Reactor  
  88  9:04  Widow Mine x2  
  88  9:06  Marine  
  93  9:10  Missile Turret  
  93  9:13  Marine  
  93  9:14  Missile Turret, Marauder  
  96  9:24  Marine  
  96  9:25  Marauder  
  96  9:31  Marine  
  100  9:32  Missile Turret  
  100  9:33  Missile Turret x2  
  100  9:35  Marauder  
  102  9:42  Marine  
  92  9:46  Marauder  
  92  9:50  Missile Turret x2, Marine  
  92  9:51  Widow Mine x2  
  92  9:52  Medivac  
  100  9:56  Marine  
  100  9:59  Planetary Fortress  
  101  10:00  Marine  
  101  10:05  SCV  
  101  10:06  SCV  
  104  10:07  Marine  
  105  10:14  Missile Turret  
  105  10:22  Supply Depot, Marine  
  105  10:23  Marauder  
  105  10:24  Supply Depot  
  76  11:20  Marine  
  76  11:21  Marauder x2, Medivac, Marine  
  76  11:22  Widow Mine x2  
  82  11:27  Marine x3  
  82  11:30  Barracks  
  82  11:31  Barracks  
  83  11:38  Marine x2  
  83  11:40  Bunker  
  83  11:43  Marauder x2  
  83  11:44  SCV x3  
  83  11:45  Supply Depot, Marine x2  
  93  11:49  Barracks Reactor  
  92  11:56  Marine  
  92  11:59  Command Center, Missile Turret, Widow Mine x2  
  92  12:00  Missile Turret, Medivac x2  
  101  12:04  Marauder x2  
Tags
 
Add a new tag
Caveats
  • Supply blocks, unpowered buildings, or Contaminate may cause inaccurate times.
  • Supply counts are checked every 10 seconds.